 Dungeon Crawl Stone Soup version 0.23-a0-582-g1b4a0ca (webtiles) character file.

70 Leeroy the Charmwright (level 4, -1/38 HPs)
             Began as a Gnoll Skald on Dec 16, 2018.
             Killed from afar by Natasha (7 damage)
             ... with a wand of flame (15)
             ... on level 2 of the Dungeon.
             The game lasted 00:04:20 (1038 turns).

Leeroy the Charmwright (Gnoll Skald)                Turns: 1038, Time: 00:04:20

Health: -1/38      AC:  3    Str: 13    XL:     4   Next: 22%
Magic:  3/11       EV: 14    Int: 17    God:
Gold:   73         SH:  0    Dex: 14    Spells: 2/13 levels left

rFire    . . .     SeeInvis .   m - +1 dagger (speed)
rCold    . . .     Gourm    .   (no shield)
rNeg     . . .     Faith    .   b - +0 leather armour
rPois    .         Spirit   .   (no helmet)
rElec    .         Reflect  .   (no cloak)
rCorr    .         Harm     .   (no gloves)
MR       .....                  (no boots)
Stlth    +.........             (no amulet)
HPRegen  1.12/turn              (no ring)
MPRegen  0.12/turn              (no ring)

@: shrouded, very slightly contaminated, regenerating (expiring)
A: distributed training, fangs 1, strong nose
a: no special abilities


You were on level 2 of the Dungeon.
You were not hungry.

You visited 1 branch of the dungeon, and saw 2 of its levels.

You collected 73 gold pieces.

Inventory:

Hand Weapons
 a - a +1 falchion
 f - a +0 dagger of venom
 i - a +0 hand axe
 m - a +1 dagger of speed (weapon)
 n - a +2 hunting sling of flaming
 p - a +2 vampiric spear
Missiles
 e - 73 stones (quivered)
Armour
 b - a +0 leather armour (worn)
 j - a +2 leather armour of fire resistance
Scrolls
 h - a scroll of amnesia {unknown}
 k - a scroll of fear {unknown}
 l - a scroll of remove curse {unknown}
 q - a scroll of blinking {unknown}
Potions
 o - a potion of lignification {unknown}
Comestibles
 d - 5 rations


   Skills:
 + Level 4.6 Fighting
 + Level 1.0 Short Blades
 + Level 4.6 Long Blades
 + Level 1.0 Axes
 + Level 1.0 Maces & Flails
 + Level 1.0 Polearms
 + Level 1.0 Staves
 + Level 1.0 Slings
 + Level 1.0 Bows
 + Level 1.0 Crossbows
 + Level 1.0 Throwing
 + Level 2.7 Armour
 + Level 4.6 Dodging
 + Level 1.0 Stealth
 + Level 1.0 Shields
 + Level 1.0 Unarmed Combat
 + Level 5.0 Spellcasting
 + Level 0.8 Conjurations
 + Level 0.8 Hexes
 + Level 5.4 Charms
 + Level 0.8 Summonings
 + Level 0.8 Necromancy
 + Level 0.8 Translocations
 + Level 0.8 Transmutations
 + Level 0.8 Fire Magic
 + Level 0.8 Ice Magic
 + Level 0.8 Air Magic
 + Level 0.8 Earth Magic
 + Level 0.8 Poison Magic
 + Level 1.1 Invocations
 + Level 1.0 Evocations


You had 2 spell levels left.
You knew the following spells:

 Your Spells              Type           Power        Failure   Level  Hunger
a - Infusion              Chrm           ###.         1%          1    None
b - Song of Slaying       Chrm           ###.....     3%          2    #......
c - Shroud of Golubria    Chrm/Tloc      ###.......   8%          2    #......
d - Regeneration          Chrm/Necr      ###.......   16%         3    ###....
e - Spectral Weapon       Hex/Chrm       ###.....     16%         3    ###....

Your spell library contained the following spells:

 Spells                   Type           Power        Failure   Level  Hunger


Dungeon Overview and Level Annotations

Branches:
Dungeon (2/15)

Altars:

Annotations:
D:2 Natasha


Innate Abilities, Weirdness & Mutations

Your experience applies equally to all skills.
You have very sharp teeth.
Your uncanny sense of smell can sniff out nearby items.


Message History

It was a potion of curing.
You feel better.
Natasha stares at you and mumbles some strange words.
The magic dart hits you!
* * * LOW HITPOINT WARNING * * *
The iron imp barely misses you. The crimson imp closely misses you.
Okay, then.
Casting: Regeneration (safe; 16% risk of failure)
Confirm with . or Enter, or press ? or * to list all spells.
You miscast Regeneration.
You are very lightly contaminated with residual magic.
You hear strange and distant voices.
Natasha closely misses you.
The crimson imp hits you but does no damage.
The iron imp barely misses you.
Casting: Regeneration (safe; 16% risk of failure)
Confirm with . or Enter, or press ? or * to list all spells.
Space distorts slightly along a thin shroud covering your body.
Your skin is crawling a little less now.
Natasha zaps a wand.
The puff of flame hits you!
You die...

### #.. #.# ##
#.##.##
#######.#@h.####
........5.5....+
######.#...####
#.##.## #.# ## ∆
#.# #.# #+# #.#
#.#
#.############.#


You could see an iron imp, Natasha and a crimson imp.

Vanquished Creatures
  Robin (D:2)
  3 oozes
  2 dart slugs (D:1)
  A leopard gecko (D:2)
  3 bats (D:1)
  3 giant cockroaches (D:1)
  14 goblins
  4 hobgoblins
  2 jackals (D:1)
  A ball python (D:1)
  3 frilled lizards
  A kobold (D:1)
  3 rats
41 creatures vanquished.

Vanquished Creatures (others)
  4 toadstools (D:1)
4 creatures vanquished.

Grand Total: 45 creatures vanquished

Notes
Turn   | Place    | Note
-------+----------+-------------------------------------------
     0 | D:1      | Leeroy the Gnoll Skald began the quest for the Orb.
     0 | D:1      | Reached XP level 1. HP: 20/20 MP: 6/6
    86 | D:1      | Reached XP level 2. HP: 19/26 MP: 7/7
    93 | D:1      | Learned a level 2 spell: Song of Slaying
    96 | D:1      | Learned a level 2 spell: Shroud of Golubria
   432 | D:1      | Reached XP level 3. HP: 30/31 MP: 9/9
   481 | D:1      | Reached skill level 5 in Spellcasting
   714 | D:2      | Reached skill level 1 in Invocations
   714 | D:2      | Noticed Robin
   723 | D:2      | Killed Robin
   723 | D:2      | Reached skill level 1 in Short Blades
   723 | D:2      | Reached skill level 1 in Axes
   723 | D:2      | Reached skill level 1 in Maces & Flails
   723 | D:2      | Reached skill level 1 in Polearms
   723 | D:2      | Reached skill level 1 in Staves
   723 | D:2      | Reached skill level 1 in Slings
   723 | D:2      | Reached skill level 1 in Bows
   723 | D:2      | Reached skill level 1 in Crossbows
   723 | D:2      | Reached skill level 1 in Throwing
   723 | D:2      | Reached skill level 1 in Stealth
   723 | D:2      | Reached skill level 1 in Shields
   723 | D:2      | Reached skill level 1 in Unarmed Combat
   723 | D:2      | Reached skill level 1 in Evocations
   725 | D:2      | Reached XP level 4. HP: 8/38 MP: 11/11
   751 | D:2      | Learned a level 3 spell: Regeneration
   755 | D:2      | Learned a level 3 spell: Spectral Weapon
  1019 | D:2      | Noticed Natasha
  1038 | D:2      | Killed from afar by Natasha

Vault maps used:
D:1:      ldierk_walled_garden_2, minmay_crystal_water
D:2:      minmay_split_cup_large, uniq_natasha, uniq_robin

Skill      XL: |  1  2  3 |
---------------+----------+-----
Spellcasting   | 5 |  5.0
Invocations    | 1 |  1.1
Short Blades   | 1 |  1.0
Axes           | 1 |  1.0
Maces & Flails | 1 |  1.0
Polearms       | 1 |  1.0
Staves         | 1 |  1.0
Slings         | 1 |  1.0
Bows           | 1 |  1.0
Crossbows      | 1 |  1.0
Throwing       | 1 |  1.0
Stealth        | 1 |  1.0
Shields        | 1 |  1.0
Unarmed Combat | 1 |  1.0
Evocations     | 1 |  1.0
Fighting       | |  4.6
Long Blades    | |  4.6
Armour         | |  2.7
Dodging        | |  4.6
Conjurations   | |  0.8
Hexes          | |  0.8
Charms         | |  5.4
Summonings     | |  0.8
Necromancy     | |  0.8
Translocations | |  0.8
Transmutations | |  0.8
Fire Magic     | |  0.8
Ice Magic      | |  0.8
Air Magic      | |  0.8
Earth Magic    | |  0.8
Poison Magic   | |  0.8

Action                   |  1- 3 |  4- 6 || total
-------------------------+-------+-------++-------
Melee: Falchion          |    54 |     5 ||    59
       Bite              |    12 |     1 ||    13
       Dagger            |    27 |    23 ||    50
       Punch             |     1 |       ||     1
 Cast: Song of Slaying   |     1 |       ||     1
       Regeneration      |       |     1 ||     1
       Shroud of Golubri |       |     1 ||     1
  Use: Scroll            |     2 |       ||     2
       Potion            |       |     1 ||     1
 Stab: Sleeping          |     3 |     1 ||     4
  Eat: Chunk             |       |     1 ||     1
Armor: Leather armour    |    10 |     4 ||    14
Dodge: Dodged            |    61 |    17 ||    78
       Rpst.: Falchion   |    13 |     2 ||    15

Table legend:
 A = Non-vault XP
 B = Vault XP
 C = Vault XP percentage of total XP
 D = Non-vault monster count
 E = Vault monster count
 F = Vault count percentage of total count
                 A         B        C        D         E       F
            +---------+---------+-------+---------+---------+-------
      Total |      67 |      34 |  33.7 |      28 |      13 |  31.7
            +---------+---------+-------+---------+---------+-------
        D:1 |      45 |       0 |   0.0 |      21 |       0 |   0.0
        D:2 |      22 |      34 |  60.7 |       7 |      13 |  65.0
            +---------+---------+-------+---------+---------+-------
